 Dungeon Crawl Stone Soup version 0.30-a0-553-g7fabdf1491 (webtiles) character file.

Game seed: 17094754989498555519

200 arthad the Digger (level 5, -4/28 HPs)
             Began as a Gargoyle Earth Elementalist on Dec 26, 2022.
             Was an Initiate of Gozag.
             Killed by divine providence
             ... invoked by an orc priest
              (13 damage)
             ... on level 4 of the Dungeon.
             The game lasted 00:07:42 (3232 turns).

arthad the Digger (Gargoyle Earth Elementalist)     Turns: 3232, Time: 00:07:43

Health: -4/28      AC:  8    Str: 12    XL:     5   Next: 78%
Magic:  1/9        EV: 12    Int: 17    God:    Gozag
Gold:   251        SH:  0    Dex: 10    Spells: 6/10 levels left

rFire   . . .      SeeInvis .    j - +2 short sword (drain)
rCold   . . .      Faith    .    (no shield)
rNeg    + . .      Spirit   .    a - +0 robe
rPois   ∞          Reflect  .    k - +0 helmet
rElec   +          Harm     .    n - +0 cloak
rCorr   .          Rampage  .    (no gloves)
Will    .....                    (no boots)
Stlth   ++                       (no amulet)
HPRegen 0.24/turn                (no ring)
MPRegen 0.11/turn                (no ring)

@: gold aura, very slightly contaminated
A: sickness immunity, AC +4, negative energy resistance 1, electricity
resistance, torment resistance 1, petrification resistance
a: Renounce Religion, Potion Petition, Call Merchant, Bribe Branch


You were on level 4 of the Dungeon.
You worshipped Gozag.
Gozag was aware of your devotion.
You visited 1 branch of the dungeon, and saw 4 of its levels.

You collected 300 gold pieces.
You paid 49 gold pieces to Gozag.

Inventory:

Hand Weapons
 e - a +0 war axe
 i - a +2 quarterstaff of chaos
 j - a +2 short sword of draining (weapon)
 m - a +0 rapier
 q - the +6 short sword "Lumul" {venom, rPois rF- rC+}
   (You found it on level 4 of the Dungeon)

   It poisons the flesh of those it strikes.
   rF:        It makes you vulnerable to fire.
   rC:        It protects you from cold.
   rPois:     It protects you from poison.
Missiles
 r - 2 poisoned darts
Armour
 a - a +0 robe (worn)
 k - a +0 helmet (worn)
 n - a +0 cloak (worn)
 o - a +2 ring mail of poison resistance
Wands
 t - a wand of mindburst (21)
Scrolls
 c - 2 scrolls of teleportation
 s - a scroll of identify
Potions
 b - a potion of magic
 d - 2 potions of degeneration
 f - 2 potions of heal wounds {unknown}
 g - a potion of mutation {unknown}
 h - 3 potions of curing {unknown}
 l - 2 potions of berserk rage {unknown}
 p - a potion of flight {unknown}


   Skills:
 + Level 0.7 Armour
 + Level 2.1 Dodging
 * Level 3.9 Stealth
 * Level 3.0 Spellcasting
 * Level 1.5 Conjurations
 - Level 0.7 Transmutations
 * Level 4.9 Earth Magic


You had 6 spell levels left.
You knew the following spells:

 Your Spells              Type           Power      Damage    Failure   Level
a - Sandblast             Erth           38%        2d10      2%          1
b - Stone Arrow           Conj/Erth      26%        3d8       14%         3

Your spell library contained the following spells:

 Spells                   Type           Power      Damage    Failure   Level
 Passwall                 Tmut/Erth      10%        N/A       9%          2
 Petrify                  Tmut/Erth      12%        N/A       47%         4


Dungeon Overview and Level Annotations

Branches:
Dungeon (4/15)
 Temple: D:4-7

Altars:
Gozag
Trog

Shops:
D:1 [[:


Innate Abilities, Weirdness & Mutations

You are immune to sickness and miasma.
Your stone body is resilient. (AC +4)
You are immune to poison.
You resist negative energy. (rN+)
You are resistant to electric shocks. (rElec)
You are resistant to unholy torment.
You are immune to petrification.


Message History

The hound is heavily wounded.
The hound bites you. The hound bites you but does no damage.
The hound barely misses you.
The blast of sand misses the hound.
The blast of sand misses the orc priest.
The hound bites you. The hound bites you but does no damage.
The blast of sand hits the hound.
The hound is almost dead.
The hound bites you but does no damage. The hound bites you.
The blast of sand hits the hound.
The hound is almost dead.
The hound barely misses you. x2; The hound bites you.
The blast of sand misses the hound.
The blast of sand hits the orc!
You kill the orc!
The hound bites you. The hound barely misses you.
You are too injured to fight recklessly!
You are too injured to fight recklessly!
You are too injured to fight recklessly!
Aiming: Sandblast (safe; 2% risk of failure)
Press: ? - help, Q - select action, (/) - cycle Shift-Dir - straight line, p - hound The blast of sand hits the hound!
You kill the hound!
Your Spellcasting skill increases to level 3!
Aiming: Sandblast (safe; 2% risk of failure)
Press: ? - help, Q - select action, (/) - cycle Shift-Dir - straight line You miscast Sandblast.
You are very lightly contaminated with residual magic.
Nothing appears to happen.
Aiming: Sandblast (safe; 2% risk of failure)
Press: ? - help, Q - select action, (/) - cycle Shift-Dir - straight line, f - orc priest
Aim: an orc priest, wielding a +0 club (82% to hit)
The blast of sand hits the orc priest.
The orc priest is heavily wounded.
A magic dart appears from out of thin air!
The magic dart hits you but does no damage.
The orc priest hits you with a +0 club.
The orc priest invokes the aid of Beogh against you.
Beogh smites you!
You die...
Your body crumbles into a pile of gold.

..##.....####
.....<...#
..##..).(##############
......................#
.####################.#
.# #.# (# #.# .#
######.### ##
#@o......# #$####.#.#
#$# #.#.# #.# #.# # #.#
#.# #.# #.# #.# #.# ..#
#.#


You could see an orc priest.

Vanquished Creatures
  Crazy Yiuf (D:2)
  2 hounds (D:4)
  Robin (D:2)
  3 adders (D:2)
  2 dart slugs
  2 orcs
  5 endoplasms
  3 giant cockroaches
  13 goblins
  5 hobgoblins
  6 kobolds
  5 quokkas
  5 ball pythons
  5 bats
  3 frilled lizards
  4 rats
65 creatures vanquished.

Notes
Turn   | Place    | Note
-------+----------+-------------------------------------------
     0 | D:1      | arthad the Gargoyle Earth Elementalist began the quest for
                  | the Orb.
     0 | D:1      | Reached XP level 1. HP: 10/10 MP: 3/3
    18 | D:1      | Found Doklux's Armour Shoppe.
   231 | D:1      | Reached XP level 2. HP: 15/15 MP: 3/5
   496 | D:1      | Found Dohaant's Book Boutique.
   677 | D:1      | Reached skill level 4 in Earth Magic
   776 | D:1      | Found Koefouw's Armour Shoppe.
   942 | D:1      | Reached XP level 3. HP: 19/19 MP: 4/6
  1255 | D:2      | Noticed Robin
  1266 | D:2      | Killed Robin
  1470 | D:2      | Learned a level 3 spell: Stone Arrow
  1491 | D:2      | Reached XP level 4. HP: 24/24 MP: 5/7
  1961 | D:2      | Found a runed translucent door.
  1962 | D:2      | Noticed Crazy Yiuf
  2007 | D:2      | Killed Crazy Yiuf
  2263 | D:3      | Found an opulent altar of Gozag.
  2280 | D:3      | Reached skill level 1 in Conjurations
  2318 | D:3      | Reached XP level 5. HP: 28/28 MP: 7/9
  2341 | D:3      | Became a worshipper of Gozag Ym Sagoz the Greedy
  2387 | D:3      | Found a bloodstained altar of Trog.
  2452 | D:3      | Found a faded altar of an unknown god.
  2844 | D:4      | Identified the +6 short sword "Lumul" {venom, rPois rF-
                  | rC+}
  3232 | D:4      | Killed from afar by an orc priest

Illustrated notes

Levels and vault maps discovered:
D:1:      saegor_arrival_simple_e, layout_loops_corners, serial_shops, shop,
          nicolae_square_shop, shop, minmay_tromino_i4
D:2:      layout_basic, dk_noncrumbling_2, uniq_crazy_yiuf_cottage, uniq_robin
D:3:      layout_rooms, trog_book,
          nicolae_gozag_cash_rules_everything_around_me, serial_glass,
          glass_columns_c, glass_columns_a,
          shapermc_ecumenical_altar_mp_urbaneastern
D:4:      layout_basic, gammafunk_temple_overflow_pools,
          cheibrodos_sewer_entry_bend

Skill      XL: |  1  2  3  4  5 |
---------------+----------------+-----
Earth Magic    | 4 |  4.9
Stealth        | 3 |  3.9
Dodging        | 2 |  2.1
Conjurations   | 1 |  1.5
Spellcasting   | 3 |  3.0
Armour         | |  0.7
Transmutations | |  0.7

Action                   |  1- 3 |  4- 6 || total
-------------------------+-------+-------++-------
Melee: War axe           |     6 |       ||     6
       Unarmed           |       |     1 ||     1
       Short sword       |       |     7 ||     7
 Cast: Sandblast         |    40 |    51 ||    91
  Use: Scroll            |       |     4 ||     4
Armor: Robe              |     8 |    10 ||    18
Dodge: Dodged            |    17 |    20 ||    37

Table legend: (Time is in decaauts)
 A = Elapsed time spent in this place.
 B = Non-inter-level travel time spent in this place.
 C = Inter-level travel time spent in this place.
 D = Time resting spent in this place.
 E = Time spent auto-exploring this place.
 F = Levels seen in this place.
 G = Mean time per level.
                   A        B        C        D        E       F      G
               +--------+--------+--------+--------+--------+-----+--------+
         Total |   3278 |   3202 |     76 |      0 |   2449 |   4 |  819.5 |
       Dungeon |   3278 |   3202 |     76 |      0 |   2449 |   4 |  819.5 |
               +--------+--------+--------+--------+--------+-----+--------+

Top non-repeatable levels by time:
     D:2: 1193 daAuts
     D:1: 1097 daAuts
     D:3: 588 daAuts
     D:4: 399 daAuts
